 Dungeon Crawl Stone Soup version 0.18.1-48-g4cf74bf (webtiles) character file.

567 Heedrag the Destroyer (level 7, -2/36 HPs)
             Began as a Deep Elf Conjurer on July 28, 2016.
             Slain by a giant frog (5 damage)
             ... in a sewer.
             The game lasted 00:10:20 (4273 turns).

Heedrag the Destroyer (Deep Elf Conjurer)           Turns: 4273, Time: 00:10:21

Health: -2/36      AC:  3    Str:  7    XL:     7   Next: 11%
Magic:  0/17       EV: 10    Int: 20    God:
Gold:   165        SH:  0    Dex: 15    Spells: 4 memorised, 4 levels left

rFire  . . .     SeeInvis .     e - +0 dagger
rCold  + . .     Gourm    .     a - +1 robe
rNeg   . . .     Faith    .     (no shield)
rPois  .         Spirit   .     (no helmet)
rElec  .         Dismiss  .     (no cloak)
rCorr  .         Reflect  .     (no gloves)
SustAt .         Harm     .     (no boots)
MR     .....                    (no amulet)
Stlth  +.........               (no ring)
                                k - ring of protection from cold

@: constricted, not resistant to hostile enchantments, very unstealthy
A: no striking features
a: no special abilities


You were in a sewer.
You were hungry.

You visited 1 branch of the dungeon, and saw 4 of its levels.
You also visited: Sewer.

You collected 165 gold pieces.

Inventory:

Hand Weapons
 e - a +0 dagger (weapon)
Armour
 a - a +1 robe (worn)
Jewellery
 k - a ring of protection from cold (left hand)
Scrolls
 d - 2 scrolls of identify
 g - 5 scrolls of recharging {unknown}
 i - 4 scrolls of teleportation {unknown}
 m - 4 scrolls of remove curse {unknown}
 v - a scroll of blinking
 w - a scroll of magic mapping {unknown}
Potions
 f - 3 potions of haste
 h - 4 potions of curing
 j - 2 potions of brilliance {unknown}
 l - 2 potions of ambrosia {unknown}
 n - 4 potions of degeneration {unknown}
 q - a potion of lignification {unknown}
 r - a potion of heal wounds {unknown}
 s - a potion of berserk rage {unknown}
 t - a potion of resistance {unknown}
 z - a potion of might {unknown}
Books
 b - a book of Conjurations

   Spells                             Type                      Level
   a - Magic Dart                     Conjuration                  1
   b - Searing Ray                    Conjuration                  2
   c - Dazzling Spray                 Conjuration/Hexes            3
   d - Fulminant Prism                Conjuration/Hexes            4
   e - Iskenderun's Mystic Blast      Conjuration                  4
   f - Iskenderun's Battlesphere      Conjuration/Charms           5
 u - a book of the Earth

   Spells                             Type                      Level
   a - Leda's Liquefaction            Hexes/Earth                  4
   b - Bolt of Magma                  Conjuration/Fire/Earth       5
   c - Statue Form                    Transmutation/Earth          6
   d - Iron Shot                      Conjuration/Earth            6
   e - Shatter                        Earth                        9
Comestibles
 c - 2 bread rations
 o - a royal jelly
 p - 2 meat rations


   Skills:
 - Level 2.4 Dodging
 - Level 2.4 Stealth
 + Level 5.8 Spellcasting
 * Level 8.1 Conjurations
 + Level 3.1 Charms


You had 4 spell levels left.
You knew the following spells:

 Your Spells              Type           Power        Failure   Level  Hunger
a - Magic Dart            Conj           ####         1%          1    None
b - Dazzling Spray        Conj/Hex       ###...       8%          3    ##.....
c - Iskenderun's Mystic   Conj           #####...     4%          4    ####...
d - Iskenderun's Battles  Conj/Chrm      ####....     30%         5    #####..


Dungeon Overview and Level Annotations

Branches:
Dungeon (4/15)
 Temple: D:4-7

Altars:
Okawaru
Qazlal

Annotations:
D:3 Sigmund
D:4 exclusion: hippogriff


Message History

Tha ball python grabs ye.
* * * LOW HITPOINT WARNIN'
* * * Tha ball python constricts ye.
Castin': Dazzlin' Spray Confirm wit' . or Enter, or press ? or * ta list all spells.
Aimin': Dazzlin' Spray
Press: ? - help, Shift-Dir - straight line, f/p - giant frog
Aim: a giant frog (moderately wounded, blind) Tha spray o' energy hits tha giant frog.
Tha giant frog be heavily wounded.
Tha giant frog be dazzled.
Tha spray o' energy hits tha giant frog.
Ye kill tha giant frog!
Yer Conjurations skill increases ta level 8!
Yer Charms skill increases ta level 3!
Ye haf reached level 7!
Tha giant frog hits ye.
* * * LOW HITPOINT WARNIN'
* * * Tha ball python barely misses ye.
Tha ball python constricts ye.
Tha giant frog hits ye.
Ye die...

#≈≈≈≈≈≈#
#≈≈≈≈≈
#≈≈≈≈≈≈#
#≈≈≈≈≈
#≈≈≈≈≈≈#
#≈≈†≈≈
#≈≈≈≈≈≈#
#≈≈≈÷≈
#≈≈≈≈≈≈#
#≈≈.)≈
#≈≈≈≈≈≈#
#≈≈≈≈≈
#≈≈≈≈≈≈#
#≈≈≈≈≈
#≈≈≈≈≈≈#
#≈≈≈≈≈
#≈≈@≈≈≈#
#≈≈≈≈≈
#≈S†F≈≈#
#≈≈≈≈≈
#≈≈≈≈≈≈#
#≈≈≈≈≈
#≈≈≈≈≈≈#
#≈≈≈≈≈
#≈≈≈≈≈≈#
#≈≈≈≈≈
#≈≈≈≈≈≈#
#≈≈≈≈≈
#≈≈†≈≈≈#
#≈≈≈≈≈
#.....†#
#.....
#......#
##....


You could see a giant frog (blind) and a ball python.

Vanquished Creatures
  A giant frog (Sewer)
  2 scorpions (D:4)
  A hound (D:4)
  Jessica (D:3)
  Ijyb (D:3)
  14 adders
  6 river rats
  3 oozes
  4 worms
  A dart slug (D:2)
  4 giant geckos
  An orc (D:3)
  8 bats
  3 giant cockroaches
  7 goblins
  9 hobgoblins
  13 jackals
  2 quokkas
  12 ball pythons
  6 giant newts
  6 kobolds
  26 rats
131 creatures vanquished.

Notes
Turn   | Place    | Note
--------------------------------------------------------------
     0 | D:1      | Heedrag the Deep Elf Conjurer began the quest for the Orb.
     0 | D:1      | Reached XP level 1. HP: 10/10 MP: 6/6
   182 | D:1      | Reached XP level 2. HP: 15/15 MP: 4/8
   463 | D:1      | Reached skill level 5 in Conjurations
   640 | D:1      | Reached XP level 3. HP: 19/19 MP: 6/10
   645 | D:1      | Learned a level 3 spell: Dazzling Spray
   901 | D:2      | Found an iron altar of Okawaru.
  1788 | D:2      | Reached XP level 4. HP: 24/24 MP: 10/12
  2128 | D:3      | Reached skill level 6 in Conjurations
  2199 | D:3      | Noticed Jessica
  2200 | D:3      | Killed Jessica
  2316 | D:3      | Reached XP level 5. HP: 28/28 MP: 6/13
  2512 | D:3      | Noticed Ijyb
  2527 | D:3      | Killed Ijyb
  2635 | D:3      | Noticed Sigmund
  2957 | D:4      | Reached skill level 5 in Spellcasting
  2963 | D:4      | Learned a level 4 spell: Iskenderun's Mystic Blast
  2969 | D:4      | Learned a level 5 spell: Iskenderun's Battlesphere
  3035 | D:4      | Reached skill level 7 in Conjurations
  3137 | D:4      | Reached XP level 6. HP: 32/32 MP: 12/15
  3241 | D:4      | Found a stormy altar of Qazlal.
  3276 | D:4      | Noticed a hippogriff
  3306 | D:4      | Reached skill level 1 in Charms
  3407 | D:4      | Found a glowing drain.
  3411 | Sewer    | Entered a sewer
  4273 | Sewer    | Reached skill level 8 in Conjurations
  4273 | Sewer    | Reached XP level 7. HP: 5/36 MP: 0/17
  4273 | Sewer    | Slain by a giant frog

Skill      XL: |  1  2  3  4  5  6 |
---------------+-------------------+-----
Conjurations   | 5 6 7 8 |  8.1
Spellcasting   | 4 5 |  5.8
Charms         | 3 |  3.1
Dodging        | |  2.4
Stealth        | |  2.4

Action                   |  1- 3 |  4- 6 |  7- 9 || total
-------------------------+-------+-------+-------++-------
Melee: Dagger            |     5 |    11 |       ||    16
 Cast: Magic Dart        |    98 |   212 |       ||   310
       Dazzling Spray    |       |     4 |     1 ||     5
       Iskenderun's Myst |       |     1 |       ||     1
  Use: Scroll            |       |     4 |       ||     4
 Stab: Sleeping          |       |     1 |       ||     1
  Eat: Chunk             |     2 |     8 |       ||    10
Armor: Robe              |     9 |    19 |       ||    28
Dodge: Dodged            |    15 |    59 |     1 ||    75
